 Dungeon Crawl Stone Soup version 0.27-a0-686-gaed091b46b (webtiles) character file.

Game seed: 14221621279867785766

1108 Drazool the Destroyer (level 8, -1/41 HPs)
             Began as a Deep Elf Conjurer on Mar 21, 2021.
             Slain by Duvessa
             ... wielding a +0 short sword
              (2 damage)
             ... on level 4 of the Dungeon.
             The game lasted 00:16:12 (5336 turns).

Drazool the Destroyer (Deep Elf Conjurer)           Turns: 5336, Time: 00:16:12

Health: -1/41      AC:  2    Str:  4    XL:     8   Next: 11%
Magic:  15/20      EV: 14    Int: 26    God:
Gold:   81         SH:  0    Dex: 13    Spells: 13/20 levels left

rFire    + . .     SeeInvis .   r - +2 dagger (vamp)
rCold    + . .     Faith    .   (no shield)
rNeg     . . .     Spirit   .   a - +0 robe
rPois    +         Reflect  .   (no helmet)
rElec    +         Harm     .   e - scarf {shadows}
rCorr    +         Rampage  .   (no gloves)
Will     .....                  (no boots)
Stlth    ++........             (no amulet)
HPRegen  0.13/turn              (no ring)
MPRegen  0.17/turn              (no ring)

@: resistant, attractive
A: no striking features
a: no special abilities


You were on level 4 of the Dungeon.
You visited 1 branch of the dungeon, and saw 4 of its levels.

You collected 81 gold pieces.

Inventory:

Hand Weapons
 j - a +1 falchion of freezing
 r - a +2 vampiric dagger (weapon)
Armour
 a - a +0 robe (worn)
 c - a +0 cloak
 e - a scarf of shadows (worn)
Jewellery
 d - a ring of magical power
Wands
 s - a wand of iceblast (6)
Scrolls
 g - a scroll of identify {unknown}
 k - a scroll of enchant armour {unknown}
 l - a scroll of teleportation {unknown}
 q - a scroll of fog {unknown}
Potions
 b - a potion of curing
 i - a potion of magic {unknown}
 m - a potion of might {unknown}
 n - a potion of mutation {unknown}
 o - 2 potions of resistance
 p - a potion of haste {unknown}


   Skills:
 + Level 6.1 Dodging
 - Level 3.0 Stealth
 + Level 6.8 Spellcasting
 * Level 8.6 Conjurations


You had 13 spell levels left.
You knew the following spells:

 Your Spells              Type           Power      Damage    Failure   Level
a - Magic Dart            Conj           100%       1d8       1%          1
b - Searing Ray           Conj           100%       3d7       1%          2
c - Iskenderun's Mystic   Conj/Tloc      31%        2d8       11%         4

Your spell library contained the following spells:

 Spells                   Type           Power      Damage    Failure   Level
 Dazzling Flash           Conj/Hex       62%        N/A       3%          3
 Fulminant Prism          Conj/Hex       15%        3d11      11%         4


Dungeon Overview and Level Annotations

Branches:
Dungeon (4/15)
 Temple: D:4-7

Altars:
Kikubaaqudgha

Annotations:
D:3 1 runed translucent door, Crazy Yiuf
D:4 Duvessa


Message History

You hear a shout!
The searing ray hits Dowan.
Dowan is heavily wounded.
The searing ray misses Dowan.
Duvessa, Sister of Dowan comes into view.
She is wielding a +0 short sword, wearing a +2 ring mail of fire resistance and carrying a wand of random effects (15).
Dowan hits you with a +0 dagger.
The searing ray hits Dowan!
You kill Dowan!
Duvessa weeps, then rights herself and shakes her weapon.
Duvessa goes berserk!
You finish channeling your searing ray.
Casting: Searing Ray (safe; 1% risk of failure)
Confirm with . or Enter, or press ? or * to list all spells.
Aiming: Searing Ray (safe; 1% risk of failure)
Press: ? - help, Shift-Dir - straight line, f - Duvessa
Aim: Duvessa, wielding a +0 short sword, wearing a +2 ring mail of fire resistance and carrying a wand of random effects (15) (berserk, 13% to evade)
The searing ray hits Duvessa.
Duvessa is lightly wounded. (Press . to maintain the ray.) Duvessa hits you with a +0 short sword!
As you read the scroll labelled GANOMM ORAGGI, it crumbles to dust.
It is a scroll of amnesia.
Really abort (and waste the scroll)?
Okay, then.
Duvessa hits you with a +0 short sword!
* * * LOW HITPOINT WARNING * * *
Duvessa misses you. Duvessa hits you with a +0 short sword.
* * * LOW HITPOINT WARNING * * *
It was a potion of resistance.
You feel protected. Duvessa barely misses you.
It was a potion of curing.
You feel better. Duvessa hits you with a +0 short sword!
* * * LOW HITPOINT WARNING * * *
Duvessa hits you with a +0 short sword!
* * * LOW HITPOINT WARNING * * *
It was a potion of attraction.
You feel attractive to monsters. Duvessa hits you with a +0 short sword.
You die...

#.#
.########.#########
.....[.##.##......#
#.#####.##.##......#
...$..........>....#
.....)#............#
#####.#.##..#......#
..#e##..#......#
##.#@##..#......#
#.#.##..#####'##
#.#.##..#####.####.#
#...................
###....#..###.........
............#.........
..#....#..###.........
.......#..# #.........
#####.....# #.........


You could see Duvessa (berserk).

Vanquished Creatures
  Pikel (D:4)
  A lemure (D:4)
  A phantom (D:4)
  A bullfrog (D:4)
  Dowan (D:4)
  A howler monkey (D:2)
  4 orc priests
  A hound (D:4)
  Terence (D:2)
  An orc wizard (D:4)
  2 worker ants (D:4)
  Natasha (D:4)
  A hound skeleton (D:4)
  A howler monkey skeleton (D:3)
  4 adders (D:2)
  An adder skeleton (D:2)
  5 dart slugs
  3 leopard geckos
  10 orcs
  2 ball pythons (D:1)
  2 bat zombies (D:3)
  3 giant cockroaches
  7 goblins
  6 hobgoblins
  6 jackals (D:1)
  7 kobolds
  2 quokkas
  2 bats
  7 frilled lizards
  8 rats
  2 rat zombies (D:3)
95 creatures vanquished.

Vanquished Creatures (others)
  3 fungi (D:4)
3 creatures vanquished.

Grand Total: 98 creatures vanquished

Notes
Turn   | Place    | Note
-------+----------+-------------------------------------------
     0 | D:1      | Drazool the Deep Elf Conjurer began the quest for the Orb.
     0 | D:1      | Reached XP level 1. HP: 10/10 MP: 6/6
   270 | D:1      | Reached XP level 2. HP: 15/15 MP: 6/8
   752 | D:1      | Learned a level 2 spell: Searing Ray
  1302 | D:1      | Reached XP level 3. HP: 19/19 MP: 7/9
  1463 | D:2      | Reached skill level 5 in Conjurations
  1543 | D:2      | Noticed Terence
  1548 | D:2      | Killed Terence
  1549 | D:2      | Reached XP level 4. HP: 24/24 MP: 5/11
  2093 | D:2      | Reached XP level 5. HP: 28/28 MP: 11/13
  2904 | D:3      | Found a runed translucent door.
  2905 | D:3      | Noticed Crazy Yiuf
  3077 | D:3      | Reached skill level 6 in Conjurations
  3835 | D:3      | Found an ancient bone altar of Kikubaaqudgha.
  4366 | D:4      | Reached XP level 6. HP: 31/32 MP: 9/15
  4430 | D:4      | Reached skill level 5 in Spellcasting
  4630 | D:4      | Reached skill level 7 in Conjurations
  4831 | D:4      | Noticed Natasha
  4833 | D:4      | Killed Natasha
  4834 | D:4      | Reached XP level 7. HP: 36/36 MP: 13/17
  4876 | D:4      | Learned a level 4 spell: Iskenderun's Mystic Blast
  4982 | D:4      | Reached skill level 5 in Dodging
  5054 | D:4      | Noticed Pikel
  5072 | D:4      | Killed Pikel
  5073 | D:4      | Reached skill level 8 in Conjurations
  5073 | D:4      | Reached XP level 8. HP: 15/41 MP: 7/20
  5323 | D:4      | Noticed Dowan
  5326 | D:4      | Noticed Duvessa
  5327 | D:4      | Killed Dowan
  5335 | D:4      | HP: 1/41 [Duvessa/+0 short sword (8)]
  5336 | D:4      | Slain by Duvessa

Illustrated notes

Levels and vault maps discovered:
D:1:      ebering_hopf_link, layout_loops_corners, minivault_26,
          minmay_misc_feat_room
D:2:      layout_basic, chequers_serial_rivers_micro_a, uniq_terence
D:3:      layout_basic, lemuel_zombie_altar_kikubaaqudgha,
          uniq_crazy_yiuf_cottage
D:4:      layout_basic, nicolae_overflow_hidden_temple, marbit_many_paths,
          serial_aquarium, aquarium_bridge_square [aquarium_subvault_wall,
          aquarium_subvault_balcony, aquarium_subvault_bridge,
          aquarium_subvault_wall], aquarium_window_fake, aquarium_window_corner,
          aquarium_window_1, aquarium_view_2d, aquarium_view_2e,
          aquarium_pool_2, uniq_natasha, uniq_pikel, uniq_duvessa

Skill      XL: |  1  2  3  4  5  6  7 |
---------------+----------------------+-----
Stealth        | 3 |  3.0
Dodging        | 3 4 6 |  6.1
Conjurations   | 5 6 7 8 |  8.6
Spellcasting   | 4 5 6 |  6.8

Action                   |  1- 3 |  4- 6 |  7- 9 || total
-------------------------+-------+-------+-------++-------
 Cast: Magic Dart        |    49 |    41 |     8 ||    98
       Searing Ray       |     4 |    36 |    10 ||    50
  Use: Potion            |       |       |     3 ||     3
       Scroll            |       |       |     1 ||     1
Armor: Robe              |     2 |       |       ||     2
Dodge: Dodged            |    14 |     3 |     5 ||    22

Table legend: (Time is in decaauts)
 A = Elapsed time spent in this place.
 B = Non-inter-level travel time spent in this place.
 C = Inter-level travel time spent in this place.
 D = Time resting spent in this place.
 E = Time spent auto-exploring this place.
 F = Levels seen in this place.
 G = Mean time per level.
                   A        B        C        D        E       F      G
               +--------+--------+--------+--------+--------+-----+--------+
         Total |   5336 |   5249 |     87 |    331 |   4419 |   4 | 1334.0 |
       Dungeon |   5336 |   5249 |     87 |    331 |   4419 |   4 | 1334.0 |
               +--------+--------+--------+--------+--------+-----+--------+

Top non-repeatable levels by time:
     D:3: 1626 daAuts
     D:1: 1450 daAuts
     D:2: 1185 daAuts
     D:4: 1074 daAuts
